 Dungeon Crawl Stone Soup version 0.17-a0-1900-g45e8110 (webtiles) character file.

9023 kae the Markself (level 11, 0/81 HPs)
             Began as a High Elf Hunter on Sept 24, 2015.
             Was a Priest of Okawaru.
             Slain by a spiny frog (13 damage)
             ... on level 1 of the Lair of Beasts.
             The game lasted 00:29:49 (14124 turns).

kae the Markself (High Elf Hunter)                 Turns: 14124, Time: 00:29:50

Health: 0/81       AC: 13    Str: 16    XL:     11   Next: 17%
Magic:  12/12      EV: 12    Int: 16    God:    Okawaru [***...]
Gold:   617        SH:  0    Dex: 19    Spells: 0 memorised, 10 levels left

rFire  . . .     SeeInvis +     b - +0 short sword
rCold  . . .     Clarity  .     d - +1 leather armour
rNeg   . . .     SustAt   .     (no shield)
rPois  +         Gourm    .     (no helmet)
rElec  .         Spirit   .     q - +2 cloak
rCorr  .         Warding  .     h - +2 pair of gloves
rMut   .         Stasis   .     i - +2 pair of boots
MR     +....                    (no amulet)
Stlth  ++........               o - ring of poison resistance
                                A - +5 ring of strength

@: lethally poisoned (0 -> -17), somewhat resistant to hostile enchantments,
unstealthy
A: see invisible
a: Heroism, Renounce Religion


You were on level 1 of the Lair of Beasts.
You worshipped Okawaru.
Okawaru was most pleased with you.
You were hungry.

You visited 3 branches of the dungeon, and saw 11 of its levels.

You collected 617 gold pieces.

Inventory:

Hand weapons
 a - a +2 shortbow
 b - a +0 short sword (weapon)
Armour
 d - a +1 leather armour (worn)
 h - a +2 pair of gloves (worn)
 i - a +2 pair of boots (worn)
 q - a +2 cloak (worn)
 H - the +1 robe of Cumys {MP+9 Str-3 Int+3}
   (You found it on level 9 of the Dungeon)

   It affects your strength (-3).
   It affects your intelligence (+3).
   It affects your magic capacity (+9).
Jewellery
 f - an uncursed ring of protection from fire
 m - an uncursed ring of protection from fire
 o - a ring of poison resistance (right hand)
 x - a +3 ring of intelligence
 A - a +5 ring of strength (left hand)
Magical devices
 r - a wand of enslavement (7)
 y - a wand of random effects (22)
Scrolls
 e - 5 scrolls of identify
 j - 7 scrolls of remove curse
 p - 4 scrolls of enchant weapon
 t - a scroll of amnesia
 B - 2 scrolls of teleportation
 G - a scroll of magic mapping
Potions
 g - 3 potions of flight
 l - 2 potions of brilliance
 n - a potion of heal wounds
 C - 2 potions of mutation
 D - 2 potions of curing
Comestibles
 u - 2 beef jerkies
 v - 4 meat rations
 w - 3 royal jellies
 z - 9 bread rations


   Skills:
 + Level 10.0 Fighting
 - Level 18.0 Bows
 - Level 2.1 Dodging
 - Level 1.1 Stealth


You had 10 spell levels left.
You didn't know any spells.

Dungeon Overview and Level Annotations

Branches:
Dungeon (9/15)             Temple (1/1) D:7            Lair (1/8) D:9
    Orc: D:9-12

Altars:
Ashenzari
Cheibriados
Dithmenos
Elyvilon
Fedhas
Gozag
Kikubaaqudgha
Makhleb
Nemelex Xobeh
Okawaru
Qazlal
Ru
Sif Muna
Trog
Vehumet
Xom
Yredelemnul
Zin
The Shining One
Beogh

Shops:
D:2 *

Annotations:
D:3 Sigmund
D:4 kae's ghost, average HEHu
D:7 1 exclusion
Lair:1 1 exclusion


Innate Abilities, Weirdness & Mutations

You have supernaturally acute eyesight.


Message History

Press: ? - help, Shift-Dir - straight line, f/p - spiny frog
Aim: a spiny frog (severely wounded, poisoned)
You shoot a poisoned arrow.
The poisoned arrow hits the spiny frog but does no damage.
The spiny frog is severely wounded.
b - a +0 short sword (weapon)
You feel sick. The spiny frog stings you.
You hit the spiny frog.
The spiny frog is severely wounded.
You feel sick. The spiny frog stings you.
You barely miss the spiny frog.
The spiny frog is almost dead.
You feel sick. The spiny frog closely misses you.
You closely miss the spiny frog.
The spiny frog is almost dead.
You feel sick. The spiny frog stings you!
* * * LOW HITPOINT WARNING * * *
You are lethally poisoned!
The spiny frog poisons you! The spiny frog stings you!
You die...

#..#..PPPPPP.### #...# #.....
#.#.#.PPP.P....###.♣.♣♣♣.♣...
#.......PP#....#P#..........P
####....PP#........♣.....♣...
#...........#...........###
###.÷.#..........♣.....♣#
#.....#.........##......###
##.............##♣#♣.♣.♣...
#...##...@.......##..###..
######.##F......####......
#.....>....###....♣♣.
#.....PP.####...♣♣♣♣.
#........# #....♣♣PP.
#...##...###...♣♣PP..
#...##....#....♣♣P...
#...##...[..........⌠
#....##P..PPP..♣♣P...


You could see a spiny frog.

Vanquished Creatures
  A hill giant (D:8)
  A black mamba (Lair:1)
  A komodo dragon (D:9)
  2 wyverns
  13 yaks
  Grum (D:8)
  A hippogriff (D:7)
  2 vampire mosquitoes (D:9)
  3 wolves (D:8)
  5 orc warriors (D:9)
  A water moccasin (D:8)
  A porcupine (D:9)
  2 sky beasts
  4 ice beasts
  A black bear (D:8)
  A swamp drake (D:9)
  2 phantoms
  4 crocodiles (D:9)
  4 giant frogs
  2 centaurs
  A big kobold (D:9)
  5 ogres
  Blork the orc (D:4)
  4 killer bees (D:9)
  5 hounds
  6 wights
  4 crimson imps
  A centaur zombie (D:9)
  2 quasits
  3 centaur skeletons
  6 orc priests
  4 jellies
  5 orc wizards
  2 giant frog skeletons
  8 iguanas
  9 worker ants
  12 adders
  A river rat (D:9)
  A shadow imp (D:6)
  An ooze (D:2)
  2 worms
  54 orcs
  9 bats
  3 giant cockroaches
  15 goblins
  11 hobgoblins
  8 jackals
  16 kobolds
  8 quokkas
  5 giant geckos
  2 giant gecko zombies
  5 giant newts
  A jackal skeleton (D:7)
  3 quokka skeletons
  9 rats
284 creatures vanquished.

Vanquished Creatures (others)
  3 fungi (Lair:1)
  4 plants (Lair:1)
7 creatures vanquished.

Grand Total: 291 creatures vanquished

Notes
Turn   | Place    | Note
--------------------------------------------------------------
     0 | D:1      | kae the High Elf Hunter began the quest for the Orb.
     0 | D:1      | Reached XP level 1. HP: 14/14 MP: 2/2
   161 | D:1      | Reached XP level 2. HP: 19/19 MP: 3/3
   316 | D:1      | Reached skill level 6 in Bows
   716 | D:2      | Reached XP level 3. HP: 12/24 MP: 4/4
  1019 | D:2      | Found an opulent altar of Gozag.
  1019 | D:2      | Found Gozag's Platinum Reserve.
  1168 | D:2      | Reached skill level 7 in Bows
  1566 | D:2      | Found a bloodstained altar of Trog.
  1625 | D:2      | Found a sparkling altar of Nemelex Xobeh.
  1629 | D:2      | Reached XP level 4. HP: 29/29 MP: 5/5
  2228 | D:3      | Reached skill level 8 in Bows
  2470 | D:3      | Reached XP level 5. HP: 34/34 MP: 6/6
  2919 | D:3      | Noticed Sigmund
  3015 | D:3      | Noticed an ogre
  3272 | D:3      | Reached skill level 9 in Bows
  3438 | D:4      | Noticed Blork the orc
  3647 | D:4      | Noticed kae's ghost (average HEHu)
  3890 | D:4      | Killed Blork the orc
  3890 | D:4      | Reached XP level 6. HP: 27/39 MP: 7/7
  3899 | D:5      | Entered Level 5 of the Dungeon
  4052 | D:4      | Reached skill level 10 in Bows
  4076 | D:4      | Noticed an ogre
  4244 | D:5      | Reached XP level 7. HP: 45/45 MP: 8/8
  4317 | D:5      | Reached skill level 11 in Bows
  4855 | D:5      | Reached skill level 12 in Bows
  4963 | D:5      | Found a basalt altar of Yredelemnul.
  4967 | D:5      | Found a burning altar of Makhleb.
  4972 | D:5      | Found a radiant altar of Vehumet.
  5150 | D:5      | Killed an ogre
  5171 | D:4      | Reached XP level 8. HP: 50/50 MP: 9/9
  5221 | D:4      | Noticed an ogre
  5230 | D:4      | Killed an ogre
  5230 | D:4      | Reached skill level 13 in Bows
  6513 | D:6      | Reached skill level 14 in Bows
  7355 | D:7      | Reached skill level 15 in Bows
  7467 | D:7      | Reached XP level 9. HP: 54/54 MP: 10/10
  7516 | D:7      | Found a glowing golden altar of the Shining One.
  7593 | D:7      | Found a staircase to the Ecumenical Temple.
  7650 | Temple   | Entered the Ecumenical Temple
  7697 | Temple   | Became a worshipper of Warmaster Okawaru
  7763 | D:7      | Gained mutation: You have supernaturally acute eyesight. [potion of beneficial mutation]
  8217 | D:8      | Reached skill level 16 in Bows
  8529 | D:8      | Noticed Grum
  8538 | D:8      | Acquired Okawaru's first power
  8883 | D:8      | Killed Grum
  8883 | D:8      | Reached skill level 17 in Bows
  9118 | D:8      | Noticed a hill giant
  9131 | D:8      | Killed a hill giant
  9131 | D:8      | Reached XP level 10. HP: 60/60 MP: 9/11
  9316 | D:8      | Reached skill level 18 in Bows
  9825 | D:9      | Reached skill level 5 in Fighting
 10060 | D:9      | Found a shimmering altar of Xom.
 10561 | D:9      | Found a staircase to the Lair.
 11918 | D:9      | Reached XP level 11. HP: 5/80 MP: 10/12
 12275 | D:9      | Found a roughly hewn altar of Beogh.
 12876 | Lair:1   | Entered Level 1 of the Lair of Beasts
 13874 | D:9      | Got a ripped robe
 13885 | D:9      | Identified the +1 robe of Cumys {MP+9 Str-3 Int+3} (You found it on level 9 of the Dungeon)
 13953 | D:9      | Reached skill level 10 in Fighting
 14124 | Lair:1   | Slain by a spiny frog

Vault maps used:
D:1:      dpeg_arrival_tiny_d
D:2:      nicolae_gozag_zags_fifth_avenue, lemuel_crystal_altar, nemelex_deck
D:3:      kennysheep_generic_room_3, uniq_sigmund
D:4:      kennysheep_the_goblin_king, st_stairs_13, minmay_fountain_box,
          minmay_crystal_room, uniq_blork_the_orc
D:5:      minmay_overflow_temple_star_quad, first_bread
D:6:      enter_ossuary_3, columned_hall_lemuel
D:7:      lemuel_round_altar, temple_hall, kennysheep_generic_room_16
D:8:      uniq_grum
D:9:      overflow_temple_1_default, erik_lair_dragon, special_room
Temple:   jpeg_temple_clearing_12
Lair:1:   serial_forest, infiniplex_forest_lined_room_2,
          infiniplex_forest_clump_medium, infiniplex_forest_straight_4,
          infiniplex_forest_straight_5, infiniplex_forest_clump_small,
          infiniplex_forest_clump_diagonal, infiniplex_forest_corner_1,
          infiniplex_forest_fountain, infiniplex_forest_lined_room_3

Action                   |  1- 3 |  4- 6 |  7- 9 | 10-12 || total
-------------------------+-------+-------+-------+-------++-------
Melee: Short sword       |   121 |   184 |   146 |   309 ||   760
 Fire: Shortbow          |    24 |   101 |   443 |   271 ||   839
Invok: Heroism           |       |       |     2 |    10 ||    12
Evoke: Wand              |       |       |       |     4 ||     4
  Use: Scroll            |       |    12 |    11 |     1 ||    24
       Potion            |       |     2 |     2 |     5 ||     9
 Stab: Sleeping          |     3 |     1 |       |       ||     4
       Distracted        |       |     1 |       |       ||     1
  Eat: Chunk             |     1 |     9 |    15 |    15 ||    40
       Fruit             |       |       |       |     2 ||     2
